 Dungeon Crawl Stone Soup version 0.32-a0-643-ga006e7742e (webtiles) character file.

Game seed: 16376373409298859105

237 sleeves the Sneak (level 5, -4/38 HPs)
             Began as an Armataur Necromancer on Mar 7, 2024.
             Killed by divine providence
             ... invoked by an orc priest
              (17 damage)
             ... on level 4 of the Dungeon.
             The game lasted 00:06:52 (2800 turns).

sleeves the Sneak (Armataur Necromancer)            Turns: 2800, Time: 00:06:52

Health: -4/38      AC:  5    Str: 13    XL:     5   Next: 77%
Magic:  7/7        EV:  9    Int: 17    God:
Gold:   147        SH:  0    Dex: 11    Spells: 6/7 levels left

rFire   . . .        n - +2 dagger (speed)
rCold   . . .        (no shield)
rNeg    . . .        a - +0 robe
rPois   .            (no helmet)
rElec   .            u - +0 cloak
rCorr   .            (no gloves)
SInv    .            (no barding)
Will    .....        c - amulet of magic regeneration
Stlth   +++          (no ring)
HPRegen 0.26/turn    (no ring)
MPRegen 0.50/turn

%: roll
@: no status effects
A: large, deformed body, tough skin 3, armoured tail, roll 1
a: Convert to Beogh


You were on level 4 of the Dungeon.
You visited 1 branch of the dungeon, and saw 4 of its levels.

You collected 147 gold pieces.

Inventory:

Hand Weapons
 n - a +2 dagger of speed (weapon)
   (You took it off a goblin on level 2 of the Dungeon)
 w - a +3 short sword of holy wrath
   (You took it off an orc on level 4 of the Dungeon)
Missiles
 j - 6 poisoned darts
Armour
 a - a +0 robe (worn)
 u - a +0 cloak (worn)
   (You found it on level 3 of the Dungeon)
Jewellery
 c - an amulet of magic regeneration (around neck)
   (You found it on level 1 of the Dungeon)
 h - a ring of ice
   (You found it on level 1 of the Dungeon)
 r - an amulet of reflection
   (You found it on level 3 of the Dungeon)
Wands
 p - a wand of charming (5)
   (You took it off Ijyb on level 3 of the Dungeon)
Scrolls
 e - a scroll of noise {unknown}
 f - 3 scrolls of identify {unknown}
 k - a scroll of teleportation {unknown}
 l - 2 scrolls of blinking {unknown}
 m - 3 scrolls of fog {unknown}
Potions
 b - a potion of magic
 d - a potion of degeneration {unknown}
 g - 3 potions of curing
 i - 2 potions of haste {unknown}
 o - a potion of lignification {unknown}
 q - a potion of invisibility {unknown}
 s - a potion of berserk rage {unknown}
 t - a potion of heal wounds {unknown}
 v - a potion of enlightenment {unknown}


   Skills:
 + Level 3.4 Short Blades
 - Level 1.3 Dodging
 + Level 5.4 Stealth
 - Level 1.7 Spellcasting
 - Level 3.2 Necromancy


You had 6 spell levels left.
You knew the following spells:

 Your Spells              Type           Power      Damage    Failure   Level
a - Necrotise             Necr           48%        1d6       5%          1

Your spell library contained the following spells:

 Spells                   Type           Power      Damage    Failure   Level
 Vampiric Draining        Necr           12%        2d6       16%         3
 Summon Small Mammal      Summ           4%         N/A       21%         1
 Jinxbite                 Hex            2%         N/A       30%         2
 Animate Dead             Necr           12%        N/A       45%         4
 Call Canine Familiar     Summ           1%         N/A       52%         3
 Martyr's Knell           Necr/Summ      7%         N/A       71%         4
 Curse of Agony           Necr           12%        N/A       82%         5
 Summon Blazeheart Golem  Fire/Summ      1%         N/A       89%         4
 Yara's Violent Unravell  Hex/Alch       0%         3d3       99%         5
 Enfeeble                 Hex            0%         N/A       100%        7


Dungeon Overview and Level Annotations

Branches:
Dungeon (4/15)
 Temple: D:4-7

Altars:
Kikubaaqudgha
Qazlal

Shops:
D:3 (


Innate Abilities, Weirdness & Mutations

Armour fits poorly on your strangely shaped body.
You have extremely tough skin. (AC +3)
You have a long armoured tail.
You regenerate magic when rolling toward enemies. (Rampage MPRegen)


Message History

You hit the dart slug.
You kill the dart slug!
No target in view!
You now have 46 gold pieces (gained 11).
As you open the door, it creaks loudly!
Found a long sword.
Found a ring mail.
There is an open door here.
You now have 52 gold pieces (gained 6).
You see here 7 stones.
You see here 7 stones.
You see here 7 stones.
Found 2 stones.
You see here 2 stones.
You open the door.
There is an open door here.
A goblin comes into view. It is wielding a +0 dagger.
A goblin is nearby!
A goblin is nearby!
The goblin shouts!
You closely miss the goblin. The goblin hits you but does no damage.
You barely miss the goblin. The goblin hits you but does no damage.
You hit the goblin.
The goblin is heavily wounded.
The goblin hits you with a +0 dagger.
You barely miss the goblin.
The goblin is heavily wounded.
The goblin barely misses you.
You hit the goblin.
You kill the goblin!
No target in view!
You can't see any susceptible monsters within range! (Use Z to cast anyway.)
Things that are here:
a +0 dagger; a goblin corpse
Found a dagger.
k - a scroll labelled RANAEK JAPA
Found a faded altar of an unknown god.
A frilled lizard comes into view.
The frilled lizard hisses angrily.
A frilled lizard is nearby!
The frilled lizard writhes in agony.
You kill the frilled lizard!
The dead are walking!
There is a faded altar of an unknown god here.
This altar belongs to (a) the Shining One, (b) Vehumet or (c) Fedhas, but you can't tell which.
Press the corresponding letter to learn more about a god, or press enter to convert or escape to cancel.
Okay, then.
l - a scroll labelled HIERUV RAIDISS You swap places.
Your frilled lizard skeleton crumbles into dust!
There is a faded altar of an unknown god here.
Done exploring.
Done exploring.
There is a stone staircase leading down here.
You climb downwards.
There is a stone staircase leading up here.
There are monsters nearby!
You roll towards the bat!
The helpless bat fails to defend itself.
You puncture the bat!
You kill the bat!
The rat squeaks loudly.
A rat comes into view.
Found 3 scrolls labelled TOPSAO YCUPT.
A bat comes into view.
The rat bites you but does no damage.
You hit the rat.
You kill the rat!
The bat writhes in agony.
You kill the bat!
The rat writhes in agony.
You kill the rat!
The dead are walking!
Magic restored.
You swap places.
You see here a rat corpse.
m - 3 scrolls labelled TOPSAO YCUPT Your rat skeleton crumbles into dust!
l - 2 scrolls labelled HIERUV RAIDISS (gained 1)
You swap places.
Your bat skeleton crumbles into dust!
You open the door.
There is an open door here.
Found a stone staircase leading up.
There is a stone staircase leading up here.
i - 2 brown potions (gained 1)
Found a long sword.
Found a stone staircase leading down.
A dart slug comes into view.
A dart slug is nearby!
An endoplasm comes into view.
The endoplasm quivers.
You roll towards the dart slug!
You roll towards the dart slug!
The helpless dart slug fails to defend itself.
You puncture the dart slug!
You kill the dart slug!
You have reached level 3!
Your experience leads to an increase in your attributes!
Increase (S)trength, (I)ntelligence, or (D)exterity?
You feel clever. x2
The endoplasm writhes in agony.
The endoplasm writhes in agony.
You kill the endoplasm!
Okay, then.
Found a short sword.
An endoplasm comes into view.
An endoplasm is nearby!
The endoplasm quivers.
The endoplasm writhes in agony.
You kill the endoplasm!
You can't see any susceptible monsters within range! (Use Z to cast anyway.)
A goblin comes into view. It is wielding a +2 dagger of speed.
A goblin is nearby!
A goblin is nearby!
The goblin shouts!
The goblin writhes in agony.
You kill the goblin!
The dead are walking!
You hear a shout!
A goblin comes into view. It is wielding a +0 dagger.
The goblin shouts!
The goblin unwields a +0 dagger.
The goblin wields a +0 sling.
The goblin shoots a sling bullet.
The sling bullet hits you but does no damage.
The goblin shoots a sling bullet.
The sling bullet barely misses you.
The goblin shoots a sling bullet.
The sling bullet hits you.
The goblin writhes in agony.
You kill the goblin!
Found 15 gold pieces.
You swap places.
You see here a +2 dagger of speed.
n - a +2 dagger of speed Your hands tingle!
n - a +2 dagger of speed (weapon)
You drop a +0 short sword.
You start putting on your amulet.
You continue putting on your amulet of magic regeneration. x5
You finish putting on your amulet of magic regeneration.
c - an amulet of magic regeneration (around neck)
The amulet cannot attune itself to your exhausted body.
Your goblin skeleton crumbles into dust!
Your amulet attunes itself to your body and you begin to regenerate magic more quickly.
You swap places.
You now have 66 gold pieces (gained 14).
You swap places.
Found an escape hatch in the floor.
You now have 81 gold pieces (gained 15).
Found a stone staircase leading down.
Your goblin skeleton crumbles into dust!
There is a stone staircase leading down here.
e - a scroll labelled ILIEKL QOTWUFU
Found a beast talisman.
A giant cockroach comes into view.
A giant cockroach is nearby!
You see here a beast talisman.
The helpless giant cockroach fails to defend itself.
You puncture the giant cockroach!
You kill the giant cockroach!
Found a stone staircase leading up.
Found 5 stones.
There is a stone staircase leading up here.
You open the door.
A rat comes into view.
Found 10 gold pieces.
A rat is nearby!
Found an escape hatch in the ceiling.
Found a stone staircase leading down.
The rat squeaks loudly.
There is an open door here.
The rat misses you.
You closely miss the rat. The rat closely misses you.
You hit the rat.
You kill the rat!
No target in view!
No target in view!
You see here a rat corpse.
You now have 91 gold pieces (gained 10).
There is a stone staircase leading down here.
g - 4 pink potions (gained 1)
You open the door.
There is an open door here.
There is an escape hatch in the floor here.
You see here a +0 short sword.
There is a stone staircase leading down here.
Found a spear.
A giant cockroach comes into view.
A giant cockroach is nearby!
You roll towards the giant cockroach!
You roll towards the giant cockroach!
The helpless giant cockroach fails to defend itself.
You puncture the giant cockroach!
You kill the giant cockroach!
No target in view!
Found a robe.
You see here a +0 spear.
Found a robe.
A frilled lizard comes into view.
Found 5 gold pieces.
You roll towards the frilled lizard!
The frilled lizard bites you.
You closely miss the frilled lizard.
The frilled lizard completely misses you.
You barely miss the frilled lizard. You hit the frilled lizard.
The frilled lizard is severely wounded.
The frilled lizard bites you but does no damage.
You barely miss the frilled lizard.
The frilled lizard is severely wounded.
The frilled lizard bites you.
You completely miss the frilled lizard.
The frilled lizard is severely wounded.
You hit the frilled lizard.
You kill the frilled lizard!
No target in view!
No target in view!
HP restored.
You now have 96 gold pieces (gained 5).
Done exploring.
Done exploring.
Done exploring.
You see here a +0 robe.
There is a stone staircase leading down here.
You climb downwards.
Found a mace and a book of Callings.
There is a stone staircase leading up here.
An adder is nearby!
You miscast Necrotise.
You are very lightly contaminated with residual magic.
Nothing appears to happen.
The adder writhes in agony.
The adder bites you but does no damage.
The adder struggles to resist.
The adder bites you but does no damage.
The adder writhes in agony.
The adder bites you. The adder bites you but does no damage.
The adder writhes in agony.
The adder bites you but does no damage.
The adder writhes in agony.
You kill the adder!
The dead are slithering!
Your magical contamination has completely faded away.
Magic restored.
You pick up a book of Callings and begin reading...
You add the spells Summon Small Mammal, Call Canine Familiar and Summon Blazeheart Golem to your library.
o - a murky white potion Your adder skeleton crumbles into dust!
A goblin comes into view. It is wielding a +0 dagger.
A goblin is nearby!
Found a pink potion.
You hit the goblin.
The goblin is heavily wounded.
You hit the goblin.
The goblin is severely wounded.
The goblin hits you but does no damage.
You hit the goblin.
You kill the goblin!
No target in view!
You see here a +0 dagger.
A bat comes into view.
A bat is nearby!
A bat is nearby!
Found Uminkis's Weapon Boutique.
The bat completely misses you.
You hit the bat.
The bat is moderately wounded.
The bat hits you but does no damage.
You hit the bat.
You kill the bat!
No target in view!
No target in view!
g - 5 pink potions (gained 1)
There is an entrance to Uminkis's Weapon Boutique here.
A quokka comes into view.
A quokka is nearby!
A quokka is nearby!
The quokka writhes in agony.
The quokka writhes in agony.
The quokka barely misses you.
The quokka writhes in agony.
You kill the quokka!
The dead are hopping!
A frilled lizard comes into view.
A frilled lizard is nearby!
A frilled lizard is nearby!
A ball python comes into view.
The frilled lizard hisses angrily.
You roll towards the ball python!
The helpless ball python fails to defend itself.
You puncture the ball python!
You kill the ball python!
No target in view!
No target in view!
A frilled lizard is nearby!
Your quokka skeleton bites the frilled lizard.
The frilled lizard dies!
No target in view!
No target in view!
No target in view!
You now have 111 gold pieces (gained 15).
Your quokka skeleton crumbles into dust!
An adder comes into view.
An adder is nearby!
The adder hisses angrily.
You roll towards the adder!
You hit the adder.
The adder is lightly wounded.
The adder bites you.
You are poisoned.
The adder poisons you!
You hit the adder but do no damage.
The adder is lightly wounded.
You feel sick. The adder bites you but does no damage.
You hit the adder.
The adder is heavily wounded.
You feel sick. The adder barely misses you.
The adder struggles to resist.
You feel sick. The adder bites you.
You are more poisoned.
The adder poisons you!
The adder writhes in agony.
You kill the adder!
The dead are slithering!
You feel sick.
Your Short Blades skill increases to level 2!
Your Stealth skill increases to level 4!
You feel sick.
You feel sick.
You feel sick.
You feel sick.
You feel sick.
You feel sick.
You feel sick.
You are no longer poisoned.
Your adder skeleton crumbles into dust!
HP restored.
Found 7 stones.
Found a whip.
Ijyb the Inquisitive comes into view.
She is wielding a +0 club and carrying a wand of charming.
You see here 4 stones.
You roll towards Ijyb!
The helpless Ijyb fails to defend herself.
You puncture Ijyb!
Ijyb is severely wounded.
Ijyb zaps a wand.
You resist with significant effort.
Ijyb struggles to resist.
Ijyb hits you with a +0 club.
Ijyb struggles to resist.
Ijyb hits you with a +0 club.
Ijyb writhes in agony.
Ijyb zaps a wand.
Your will is overpowered!
You are confused.
You're too confused to cast spells.
You are too confused!
You bump into the rock wall.
Ijyb closely misses you.
You bump into the rock wall.
Ijyb zaps a wand.
Your will is overpowered!
You are more confused.
You hit Ijyb.
Your tail-slap misses Ijyb.
Ijyb is almost dead.
You closely miss Ijyb.
Ijyb is almost dead.
Ijyb hits you with a +0 club.
You hit Ijyb but do no damage.
Ijyb is severely wounded.
Ijyb hits you with a +0 club.
You hit Ijyb but do no damage.
Ijyb is severely wounded.
You bump into the rock wall.
Ijyb hits you with a +0 club.
You closely miss Ijyb.
Ijyb is severely wounded.
Ijyb closely misses you.
You're too confused to move!
Ijyb hits you with a +0 club.
You closely miss Ijyb.
Ijyb is severely wounded.
You barely miss Ijyb.
Ijyb is severely wounded.
Ijyb hits you with a +0 club.
You hit Ijyb but do no damage.
Your tail-slap misses Ijyb.
Ijyb is severely wounded.
Ijyb zaps a wand.
Your will is overpowered!
You are more confused.
You bump into the rock wall.
Ijyb zaps a wand.
Your will is overpowered!
You are more confused.
It was a potion of curing.
You feel better. Ijyb closely misses you.
Casting: Necrotise (safe; 5% risk of failure)
Confirm with . or Enter, or press ? or * to list all spells.
Aiming: Necrotise (safe; 5% risk of failure)
Press: ? - help, Shift-Dir - straight line, f/p - Ijyb
Aim: Ijyb, wielding a +0 club, wearing a +0 scale mail and carrying a wand of charming (severely wounded, chance to affect: 75%) Ijyb struggles to resist.
Ijyb zaps a wand.
Your will is overpowered!
You are confused.
You hit Ijyb.
Ijyb is almost dead.
You bump into the rock wall.
Ijyb closely misses you. Ijyb attacks as she pursues you!
Ijyb closely misses you.
You see here 4 stones.
You bump into the rock wall.
Ijyb hits you with a +0 club.
Ijyb zaps a wand.
You resist with significant effort.
You bump into the rock wall.
You feel less confused.
Ijyb zaps a wand.
You resist with significant effort.
Ijyb writhes in agony.
You kill Ijyb!
The dead are walking!
You have reached level 4!
You feel agile.
You swap places.
You see here 4 stones.
p - a wand of charming (5)
Things that are here:
a +0 club; a +0 scale mail You swap places.
Ijyb crumbles into dust!
You see here 4 stones.
An orc comes into view. It is wielding a +0 whip.
An orc is nearby!
An orc is nearby!
An orc is nearby!
A kobold comes into view. It is wielding a +0 club.
Found a viscous emerald potion and a book of Misfortune.
The kobold shouts!
The kobold writhes in agony.
You kill the kobold!
The dead are walking!
You hear a shout!
An orc comes into view. It is wielding a +0 trident.
An orc priest comes into view. It is wielding a +0 dagger.
The orc priest writhes in agony.
The orc hits your kobold skeleton with a +0 trident!
Your kobold skeleton is destroyed!
An orc priest is nearby!
The orc priest miscasts a cantrip.
The orc priest begins to cast a cantrip, but forgets the words!
The orc priest looks encouraged for a moment.
A kobold comes into view. It is wielding a +0 dagger.
The kobold shouts!
You roll towards the kobold!
You closely miss the kobold. You tail-slap the kobold.
You kill the kobold!
No target in view!
Things that are here:
a +0 dagger; a kobold corpse An orc is nearby!
An orc is nearby!
You roll towards the orc!
You roll towards the orc!
The orc shouts! x2; You hear a shout!
The orc writhes in agony.
You miscast Necrotise.
You are very lightly contaminated with residual magic.
Nothing appears to happen.
The orc barely resists.
The orc hits you but does no damage.
The orc hits you from afar with a +0 trident.
The orc attacks as it pursues you! The orc hits you but does no damage.
The orc attacks as it pursues you! The orc closely misses you.
The orc attacks as it pursues you! The orc misses you.
The orc attacks as it pursues you!
The orc hits you from afar with a +0 trident.
The orc attacks as it pursues you! The orc hits you but does no damage.
Your magical contamination has completely faded away.
The orc attacks as it pursues you! The orc hits you with a +0 whip.
The orc attacks as it pursues you! The orc hits you but does no damage.
Casting: Necrotise (safe; 5% risk of failure)
Confirm with . or Enter, or press ? or * to list all spells.
Aiming: Necrotise (safe; 5% risk of failure)
Press: ? - help, Shift-Dir - straight line, f/p - orc
Aim: an orc, wielding a +0 whip (heavily wounded, chance to affect: 81%)
The orc writhes in agony.
You kill the orc!
The dead are walking!
The orc priest invokes the aid of Beogh against you.
Beogh smites you! The orc barely misses you.
The orc priest shouts, "The Pantheon deserves no one's loyalty.
Let us show you the true path!" (press Y on the ability menu to convert to Beogh)
Casting: Necrotise (safe; 5% risk of failure)
Confirm with . or Enter, or press ? or * to list all spells.
Aiming: Necrotise (safe; 5% risk of failure)
Press: ? - help, Shift-Dir - straight line, f - orc
Aim: an orc, wielding a +0 trident (chance to affect: 81%)
The orc writhes in agony.
The orc hits you from afar with a +0 trident.
Casting: Necrotise (safe; 5% risk of failure)
Confirm with . or Enter, or press ? or * to list all spells.
Aiming: Necrotise (safe; 5% risk of failure)
Press: ? - help, Shift-Dir - straight line, f/p - orc
Aim: an orc, wielding a +0 trident (heavily wounded, ally target, chance to affect: 81%)
The orc writhes in agony.
Your orc skeleton barely misses the orc.
The orc hits you from afar with a +0 trident.
* * * LOW HITPOINT WARNING * * *
Something hits your orc skeleton. The orc attacks as it pursues you!
The orc closely misses you.
The orc priest barely misses your orc skeleton.
Casting: Necrotise (safe; 5% risk of failure)
Confirm with . or Enter, or press ? or * to list all spells.
Aiming: Necrotise (safe; 5% risk of failure)
Press: ? - help, Shift-Dir - straight line, f/p - orc
Aim: an orc, wielding a +0 trident (almost dead, ally target, chance to affect: 81%)
The orc barely resists.
The orc priest shouts, "Surrender to Beogh and we'll let you live!"
The orc barely misses you.
Casting: Necrotise (safe; 5% risk of failure)
Confirm with . or Enter, or press ? or * to list all spells.
Aiming: Necrotise (safe; 5% risk of failure)
Press: ? - help, Shift-Dir - straight line, f/p - orc
Aim: an orc, wielding a +0 trident (almost dead, ally target, chance to affect: 81%)
The orc writhes in agony.
You kill the orc!
The dead are walking!
Your orc skeleton hits the orc priest but does no damage.
The orc priest hits your orc skeleton with a +0 dagger.
Your orc skeleton is destroyed!
The orc priest hits your orc skeleton with a +0 dagger.
Your orc skeleton closely misses the orc priest.
The orc priest calls down the wrath of Beogh upon you.
Beogh smites you!
* * * LOW HITPOINT WARNING * * *
Your orc skeleton closely misses the orc priest.
Something hits your orc skeleton.
Your orc skeleton is destroyed!
Things that are here:
a +0 dagger; a kobold corpse
There is a stone staircase leading up here.
You climb upwards.
There is a stone staircase leading down here.
You start resting.
HP restored.
Okay, then.
Done exploring.
Done exploring.
Done exploring.
You climb downwards.
There is a stone staircase leading up here.
An endoplasm comes into view.
An endoplasm is nearby!
The endoplasm quivers.
You hit the endoplasm.
The endoplasm is moderately wounded.
The endoplasm closely misses you.
You hit the endoplasm.
The endoplasm is heavily wounded.
You hit the endoplasm.
You kill the endoplasm!
No target in view!
No target in view!
A quokka comes into view.
A quokka is nearby!
A quokka is nearby!
Found a hand axe.
Found a stone staircase leading down.
You roll towards the quokka!
You hit the quokka but do no damage. The quokka barely misses you.
You barely miss the quokka. The quokka barely misses you.
You hit the quokka.
The quokka is severely wounded.
You hit the quokka but do no damage.
Your tail-slap misses the quokka.
The quokka is severely wounded.
The quokka bites you but does no damage.
You hit the quokka.
You kill the quokka!
No target in view!
No target in view!
No target in view!
No target in view!
q - a fuming orange potion You see here a quokka corpse.
Found a stone staircase leading down.
You pick up a book of Necromancy and begin reading...
You add the spell Martyr's Knell to your library.
An orc comes into view. It is wielding a +0 falchion.
Found a lumpy lapis lazuli amulet.
An orc is nearby!
An orc is nearby!
There is a stone staircase leading down here.
The orc shouts!
You see here an amulet of reflection.
You roll towards the orc!
You hit the orc but do no damage.
Your tail-slap misses the orc.
The orc writhes in agony.
The orc hits you with a +0 falchion.
The orc barely resists.
The orc misses you.
The orc writhes in agony.
You kill the orc!
The dead are walking!
Magic restored.
HP restored.
r - an amulet of reflection You swap places.
Things that are here:
a +0 falchion; a +0 ring mail You swap places.
Things that are here:
a +0 falchion; a +0 ring mail Your orc skeleton crumbles into dust!
s - a metallic ruby potion
Found 3 stones.
You see here 3 stones.
The orc priest shouts!
You see here a +0 whip.
The orc priest struggles to resist.
The orc priest writhes in agony.
The orc priest casts a cantrip, but nothing happens.
The orc priest writhes in agony.
The orc priest closely misses you.
The orc priest struggles to resist.
The orc priest hits you with a +0 dagger.
You miscast Necrotise.
You are very lightly contaminated with residual magic.
Nothing appears to happen.
The orc priest hits you with a +0 dagger.
The orc priest struggles to resist.
The orc priest hits you with a +0 dagger.
The orc priest writhes in agony.
The orc priest hits you but does no damage.
The orc priest struggles to resist.
The orc priest hits you with a +0 dagger.
The orc priest writhes in agony.
The orc priest calls down the wrath of Beogh upon you.
Beogh smites you!
You are too injured to fight recklessly!
Casting: Necrotise (safe; 5% risk of failure)
Confirm with . or Enter, or press ? or * to list all spells.
Aiming: Necrotise (safe; 5% risk of failure)
Press: ? - help, Shift-Dir - straight line, f/p - orc priest
Aim: an orc priest, wielding a +0 dagger (severely wounded, chance to affect: 67%)
The orc priest writhes in agony.
* * * LOW MAGIC WARNING * * *
The orc priest hits you with a +0 dagger.
Casting: Necrotise (safe; 5% risk of failure)
Confirm with . or Enter, or press ? or * to list all spells.
Aiming: Necrotise (safe; 5% risk of failure)
Press: ? - help, Shift-Dir - straight line, f/p - orc priest
Aim: an orc priest, wielding a +0 dagger (severely wounded, chance to affect: 67%)
The orc priest writhes in agony.
You kill the orc priest!
* * * LOW MAGIC WARNING * * *
The dead are walking!
Your magical contamination has completely faded away.
Your orc priest skeleton crumbles into dust!
You see here a +0 dagger.
You see here 4 stones.
t - a viscous emerald potion You pick up a book of Misfortune and begin reading...
You add the spells Jinxbite, Yara's Violent Unravelling and Enfeeble to your library.
An endoplasm comes into view.
An endoplasm is nearby!
An endoplasm is nearby!
An endoplasm is nearby!
An endoplasm is nearby!
You roll towards the endoplasm!
You roll towards the endoplasm!
You roll towards the endoplasm!
The helpless endoplasm fails to defend itself.
You impale the endoplasm!!
You kill the endoplasm!
u - a +0 cloak You start putting on your armour.
You continue putting on your +0 cloak. x4
You finish putting on your +0 cloak.
Unknown command.
A goblin comes into view. It is wielding a +0 dagger.
Found a stone staircase leading up.
A goblin is nearby!
A goblin is nearby!
You roll towards the goblin!
You roll towards the goblin!
The helpless goblin fails to defend itself.
You impale the goblin!!
You kill the goblin!
No target in view!
There is a stone staircase leading up here.
Things that are here:
a +0 dagger; a goblin corpse A goblin comes into view.
It is wielding a +0 dagger.
A goblin is nearby!
A goblin is nearby!
Found a stone staircase leading down.
You closely miss the goblin. You miss the goblin. You tail-slap the goblin.
You kill the goblin!
No target in view!
No target in view!
You see here a +0 dagger.
A bat comes into view.
A bat is nearby!
A bat is nearby!
You roll towards the bat!
The bat hits you but does no damage.
You hit the bat.
You kill the bat!
No target in view!
You see here a bat corpse.
You now have 122 gold pieces (gained 11).
Found a stone staircase leading up.
An orc comes into view. It is wielding a +0 dagger.
An orc is nearby!
An orc is nearby!
You roll towards the orc!
You roll towards the orc!
The orc hits you but does no damage.
You hit the orc.
The orc is severely wounded.
The orc hits you but does no damage.
You barely miss the orc. You tail-slap the orc.
You kill the orc!
You have reached level 5!
You see here a +0 dagger. 2 orcs come into view.
The orc shouts! x2
There are monsters nearby!
There are monsters nearby!
There are monsters nearby!
The orc writhes in agony.
The orc barely resists.
The orc closely misses you.
The orc writhes in agony.
The orc writhes in agony.
You kill the orc!
The dead are walking!
The orc hits you but does no damage.
The orc barely resists.
The orc misses you.
The orc barely resists.
Your orc skeleton hits the orc.
The orc hits you with a +0 dagger.
The orc writhes in agony.
Your orc skeleton hits the orc.
The orc dies!
You can't see any susceptible monsters within range! (Use Z to cast anyway.)
You see here a +0 dagger.
You see here a +0 dagger.
Your orc skeleton crumbles into dust!
Done exploring.
Done exploring.
Done exploring.
There is a stone staircase leading down here.
You climb downwards.
There is a stone staircase leading up here.
Found an ancient bone altar of Kikubaaqudgha.
Found a stormy altar of Qazlal.
Found a stone staircase leading down.
An orc comes into view. It is wielding a +0 club.
An orc is nearby!
An orc is nearby!
The orc shouts!
You hear a shout!
The orc writhes in agony.
You kill the orc!
The dead are walking!
You can't see any susceptible monsters within range! (Use Z to cast anyway.) Magic restored.
An orc priest comes into view. It is wielding a +0 hand axe.
An orc priest is nearby!
An orc priest is nearby!
There is an ancient bone altar of Kikubaaqudgha here.
The orc priest writhes in agony.
The orc priest calls down the wrath of Beogh upon you.
Beogh smites you!
The orc priest struggles to resist.
Your orc skeleton hits the orc priest but does no damage.
The orc priest writhes in agony.
Your orc skeleton barely misses the orc priest.
The orc priest calls down the wrath of Beogh upon you.
Pain shoots through your body!
* * * LOW HITPOINT WARNING * * *
You are too injured to fight recklessly!
Casting: Necrotise (safe; 5% risk of failure)
Confirm with . or Enter, or press ? or * to list all spells.
Aiming: Necrotise (safe; 5% risk of failure)
Press: ? - help, Shift-Dir - straight line, f/p - orc priest
Aim: an orc priest, wielding a +0 hand axe and wearing a +0 leather armour (heavily wounded, ally target, chance to affect: 67%)
The orc priest writhes in agony.
Casting: Necrotise (safe; 5% risk of failure)
Confirm with . or Enter, or press ? or * to list all spells.
Aiming: Necrotise (safe; 5% risk of failure)
Press: ? - help, Shift-Dir - straight line, f/p - orc priest
Aim: an orc priest, wielding a +0 hand axe and wearing a +0 leather armour (severely wounded, ally target, chance to affect: 67%)
The orc priest writhes in agony.
The orc priest hits you with a +0 hand axe.
* * * LOW HITPOINT WARNING * * *
The orc priest hits your orc skeleton with a +0 hand axe.
Casting: Necrotise (safe; 5% risk of failure)
Confirm with . or Enter, or press ? or * to list all spells.
Aiming: Necrotise (safe; 5% risk of failure)
Press: ? - help, Shift-Dir - straight line, f/p - orc priest
Aim: an orc priest, wielding a +0 hand axe and wearing a +0 leather armour (severely wounded, ally target, chance to affect: 67%)
The orc priest struggles to resist.
The orc priest shouts, "The Pantheon deserves no one's loyalty.
Let us show you the true path!"
Your orc skeleton hits the orc priest but does no damage.
The orc priest begins to cast a cantrip, but forgets the words!
Casting: Necrotise (safe; 5% risk of failure)
Confirm with . or Enter, or press ? or * to list all spells.
Aiming: Necrotise (safe; 5% risk of failure)
Press: ? - help, Shift-Dir - straight line, f/p - orc priest
Aim: an orc priest, wielding a +0 hand axe and wearing a +0 leather armour (severely wounded, ally target, chance to affect: 67%)
The orc priest writhes in agony.
You kill the orc priest!
The dead are walking!
Your Short Blades skill increases to level 3!
Your Stealth skill increases to level 5!
Your orc skeleton crumbles into dust!
Your orc priest skeleton crumbles into dust!
HP restored.
Things that are here:
a +0 hand axe; a +0 leather armour; a +0 club A jackal comes into view.
A jackal is nearby!
A jackal is nearby!
A jackal comes into view.
A jackal comes into view.
You roll towards the jackal!
The helpless jackal fails to defend itself.
You impale the jackal!!
You kill the jackal!
The jackal barks!
You hear a bark!
The jackal barks!
A jackal comes into view.
The jackal bites you but does no damage.
An iguana comes into view.
The jackal bites you but does no damage.
The jackal moves out of view.
You see here a jackal corpse.
You hit the jackal.
The jackal is heavily wounded.
The jackal closely misses you.
The jackal bites you but does no damage.
You hit the jackal.
You kill the jackal!
The jackal writhes in agony.
The jackal bites you. The jackal closely misses you.
The jackal bites you but does no damage.
The jackal writhes in agony.
You kill the jackal!
The dead are walking!
The jackal barely misses you.
A giant cockroach comes into view.
The jackal writhes in agony.
The jackal barely misses you.
The jackal writhes in agony.
The jackal barely misses you.
The jackal bites you but does no damage.
The jackal barely resists.
The jackal bites you but does no damage.
The jackal writhes in agony.
You kill the jackal!
The iguana writhes in agony.
The giant cockroach bites your jackal skeleton.
Your jackal skeleton misses the giant cockroach.
The iguana bites you but does no damage.
The giant cockroach bites your jackal skeleton.
Your jackal skeleton bites the giant cockroach but does no damage.
The iguana writhes in agony.
The iguana bites you.
Your jackal skeleton misses the giant cockroach.
The giant cockroach barely misses your jackal skeleton.
The iguana writhes in agony.
The iguana bites you.
The giant cockroach bites your jackal skeleton.
Your jackal skeleton bites the giant cockroach but does no damage.
The iguana writhes in agony.
The giant cockroach bites your jackal skeleton.
Your jackal skeleton bites the giant cockroach but does no damage.
The iguana bites you!
* * * LOW HITPOINT WARNING * * *
You are too injured to fight recklessly!
Casting: Necrotise (safe; 5% risk of failure)
Confirm with . or Enter, or press ? or * to list all spells.
Aiming: Necrotise (safe; 5% risk of failure)
Press: ? - help, Shift-Dir - straight line, f/p - iguana
Aim: an iguana (almost dead, chance to affect: 75%)
The iguana writhes in agony.
The giant cockroach bites your jackal skeleton.
Your jackal skeleton is destroyed!
The iguana bites you.
* * * LOW HITPOINT WARNING * * *
Your jackal skeleton barely misses the iguana.
Casting: Necrotise (safe; 5% risk of failure)
Confirm with . or Enter, or press ? or * to list all spells.
Aiming: Necrotise (safe; 5% risk of failure)
Press: ? - help, Shift-Dir - straight line, f/p - iguana
Aim: an iguana (almost dead, ally target, chance to affect: 75%)
The iguana writhes in agony.
You kill the iguana!
* * * LOW MAGIC WARNING * * *
The dead are walking!
The giant cockroach closely misses you.
Casting: Necrotise (safe; 5% risk of failure)
Confirm with . or Enter, or press ? or * to list all spells.
Aiming: Necrotise (safe; 5% risk of failure)
Press: ? - help, Shift-Dir - straight line, f - giant cockroach
Aim: a giant cockroach (ally target, chance to affect: 81%)
The giant cockroach writhes in agony.
* * * LOW MAGIC WARNING * * *
The giant cockroach bites you but does no damage.
You are too injured to fight recklessly!
You are too injured to fight recklessly!
You hit the giant cockroach but do no damage.
The giant cockroach is heavily wounded.
You closely miss the giant cockroach.
Your tail-slap misses the giant cockroach.
The giant cockroach is heavily wounded.
The giant cockroach barely misses you.
You hit the giant cockroach.
The giant cockroach is severely wounded.
The giant cockroach misses you.
You hit the giant cockroach but do no damage.
The giant cockroach is severely wounded.
The giant cockroach bites you.
* * * LOW HITPOINT WARNING * * *
You completely miss the giant cockroach.
The giant cockroach is severely wounded.
You hit the giant cockroach.
You kill the giant cockroach!
Your jackal skeleton crumbles into dust!
Your iguana skeleton crumbles into dust!
An iguana comes into view.
The iguana hisses angrily.
The iguana writhes in agony.
The iguana writhes in agony.
The iguana writhes in agony.
The iguana writhes in agony.
The iguana bites you!
The iguana struggles to resist.
The iguana bites you.
You are too injured to fight recklessly!
Casting: Necrotise (safe; 5% risk of failure)
Confirm with . or Enter, or press ? or * to list all spells.
Aiming: Necrotise (safe; 5% risk of failure)
Press: ? - help, Shift-Dir - straight line, f/p - iguana
Aim: an iguana (severely wounded, chance to affect: 75%)
The iguana writhes in agony.
The iguana barely misses you.
Casting: Necrotise (safe; 5% risk of failure)
Confirm with . or Enter, or press ? or * to list all spells.
Aiming: Necrotise (safe; 5% risk of failure)
Press: ? - help, Shift-Dir - straight line, f/p - iguana
Aim: an iguana (almost dead, chance to affect: 75%)
The iguana struggles to resist.
The iguana bites you.
Casting: Necrotise (safe; 5% risk of failure)
Confirm with . or Enter, or press ? or * to list all spells.
Aiming: Necrotise (safe; 5% risk of failure)
Press: ? - help, Shift-Dir - straight line, f/p - iguana
Aim: an iguana (almost dead, chance to affect: 75%)
The iguana struggles to resist.
The iguana barely misses you.
Casting: Necrotise (safe; 5% risk of failure)
Confirm with . or Enter, or press ? or * to list all spells.
Aiming: Necrotise (safe; 5% risk of failure)
Press: ? - help, Shift-Dir - straight line, f/p - iguana
Aim: an iguana (almost dead, chance to affect: 75%)
The iguana writhes in agony.
You kill the iguana!
The dead are walking!
Your iguana skeleton crumbles into dust!
An orc comes into view.
It is wielding a +3 short sword of holy wrath.
An orc is nearby!
An orc is nearby!
You start resting.
An orc is nearby!
You start resting.
HP restored.
v - a clear potion An orc is nearby!
The orc shouts!
The orc writhes in agony.
The orc barely resists.
You roll towards the orc!
You barely miss the orc.
The orc is almost dead.
You barely miss the orc.
The orc is almost dead.
The orc barely misses you.
You barely miss the orc.
The orc is almost dead.
You barely miss the orc.
The orc is almost dead.
The orc hits you with a +3 short sword of holy wrath.
You completely miss the orc.
The orc is almost dead.
You hit the orc.
You kill the orc!
No target in view!
Things that are here:
a +3 short sword of holy wrath; a +0 leather armour
w - a +3 short sword of holy wrath A ball python comes into view.
A ball python is nearby!
A ball python is nearby!
A ball python comes into view.
Found a serpent talisman.
The ball python hisses angrily.
The ball python writhes in agony.
You kill the ball python!
The ball python hisses angrily.
The ball python writhes in agony.
You kill the ball python!
You can't see any susceptible monsters within range! (Use Z to cast anyway.) No target in view!
You can't see any susceptible monsters within range! (Use Z to cast anyway.) Magic restored.
You swap places.
You swap places.
Your ball python skeleton crumbles into dust!
You now have 133 gold pieces (gained 11).
You now have 147 gold pieces (gained 14).
An orc comes into view. It is wielding a +0 whip.
An orc is nearby!
An orc is nearby!
An orc and an orc priest come into view.
The orc shouts!
The orc moves out of view.
You miscast Necrotise.
You are very lightly contaminated with residual magic.
Nothing appears to happen.
The orc priest looks braver for a moment.
The orc writhes in agony.
The orc hits you with a +0 whip.
The orc writhes in agony.
The orc hits you but does no damage.
Your magical contamination has completely faded away.
The orc barely resists.
The orc writhes in agony.
You kill the orc!
The dead are walking!
The orc priest calls down the wrath of Beogh upon you.
Beogh smites you!
Found a spear.
The orc priest attacks as it pursues you!
The orc priest hits you with a +0 morningstar!
* * * LOW HITPOINT WARNING * * *
Your orc skeleton hits the orc priest but does no damage.
The orc priest attacks as it pursues you!
The orc priest hits you with a +0 morningstar!
* * * LOW HITPOINT WARNING * * *
Okay, then.
You feel better.
The orc priest calls down the wrath of Beogh upon you.
Beogh smites you!
You die...

#####...# . #####..
#...#####.# #...#...#
..#...#.. #...#...#.#
.....#.###.#....
#.###.#.....## #...###...##
..###...###...##
.###.#.....#
##.#Z.Z).#.###.# .
#...#...#...#..o#...#...#
.# . #...##### .
#...#####...# # .
#...#...#...#.o.# #o..#
.###.#.....# ##@#.....#.##
#...###...###...###...###..
......#########....####
!... #####.............
##### ####......>.. .#
#.....#.#.. #.#
#..)..#.##.# ##.###
#._ß_......### #....#
#.....#.##...###....#


You could see an orc priest (ally target), an orc and a friendly orc skeleton.

Vanquished Creatures
  2 orc priests
  2 iguanas (D:4)
  Ijyb (D:3)
  2 adders (D:3)
  3 dart slugs
  8 orcs
  4 ball pythons
  8 endoplasms
  3 giant cockroaches
  4 jackals (D:4)
  5 kobolds
  3 quokkas
  6 bats
  3 frilled lizards
  8 goblins
  4 rats
66 creatures vanquished.

Vanquished Creatures (collateral kills)
  An orc (D:3)
  A frilled lizard (D:3)
2 creatures vanquished.

Grand Total: 68 creatures vanquished

Notes
Turn   | Place    | Note
-------+----------+-------------------------------------------
     0 | D:1      | sleeves the Armataur Necromancer began the quest for the
                  | Orb.
     0 | D:1      | Reached XP level 1. HP: 14/14 MP: 3/3
   180 | D:1      | HP: 7/14 [frozen (4)]
   253 | D:1      | Reached XP level 2. HP: 20/20 MP: 4/4
   356 | D:1      | Reached skill level 3 in Stealth
   365 | D:1      | Reached skill level 1 in Short Blades
   800 | D:1      | Found a faded altar of an unknown god.
   979 | D:2      | Reached XP level 3. HP: 26/26 MP: 5/5
  1352 | D:3      | Found Uminkis's Weapon Boutique.
  1420 | D:3      | Reached skill level 2 in Short Blades
  1420 | D:3      | Reached skill level 4 in Stealth
  1424 | D:3      | HP: 13/26 [poisoned by an adder]
  1495 | D:3      | Noticed Ijyb
  1524 | D:3      | Killed Ijyb
  1525 | D:3      | Reached XP level 4. HP: 27/33 MP: 4/6
  1724 | D:3      | HP: 14/33 [orc/+0 trident (5)]
  1733 | D:3      | HP: 5/33 [orc priest/divine providence (12)]
  2260 | D:3      | Reached XP level 5. HP: 38/38 MP: 7/7
  2370 | D:4      | Found an ancient bone altar of Kikubaaqudgha.
  2371 | D:4      | Found a stormy altar of Qazlal.
  2380 | D:4      | HP: 19/38 [orc priest/nerve-wracking pain (9)]
  2385 | D:4      | Reached skill level 3 in Short Blades
  2385 | D:4      | Reached skill level 5 in Stealth
  2496 | D:4      | HP: 18/38 [iguana (12)]
  2503 | D:4      | HP: 14/38 [giant cockroach (1)]
  2795 | D:4      | HP: 15/38 [orc priest/+0 morningstar (8)]
  2799 | D:4      | HP: 4/38 [orc priest/+0 morningstar (12)]
  2800 | D:4      | Killed from afar by an orc priest

Illustrated notes

Levels and vault maps discovered:
D:1:      dpeg_arrival_stone_temple_mockup, layout_loops_ring,
          shapermc_ecumenical_altar_mp_highgroup, minmay_misc_feat_alley,
          minmay_vboxes
D:2:      layout_basic
D:3:      layout_loops_ring, serial_shops, shop, uniq_ijyb
D:4:      nicolae_cairo_tiling, layout_basic,
          chequers_temple_overflow_statue_of_worship, minmay_strange_pillars,
          hangedman_abyss_or_decor_lesser_grid, minmay_misc_feat_tiny,
          minmay_manual_macuahuitl

Skill      XL: |  1  2  3  4  5 |
---------------+----------------+-----
Stealth        | 3 4 5 |  5.4
Short Blades   | 1 2 3 |  3.4
Dodging        | |  1.3
Spellcasting   | |  1.7
Necromancy     | |  3.2

Action                     |  1- 3 |  4- 6 || total
---------------------------+-------+-------++-------
  Melee: Short sword       |    44 |       ||    44
         Unarmed           |     3 |       ||     3
         Tailslap          |     3 |     3 ||     6
         Dagger            |    29 |    32 ||    61
   Cast: Necrotise         |    37 |    67 ||   104
    Use: Potion            |     1 |     1 ||     2
   Stab: Sleeping          |    12 |     3 ||    15
 Armour: Robe              |    46 |    45 ||    91
  Dodge: Dodged            |    30 |    23 ||    53

Table legend: (Time is in decaauts)
 A = Elapsed time spent in this place.
 B = Non-inter-level travel time spent in this place.
 C = Inter-level travel time spent in this place.
 D = Time resting spent in this place.
 E = Time spent auto-exploring this place.
 F = Levels seen in this place.
 G = Mean time per level.
                   A        B        C        D        E       F      G
               +--------+--------+--------+--------+--------+-----+--------+
         Total |   2772 |   2634 |    138 |    161 |   1996 |   4 |  693.0 |
       Dungeon |   2772 |   2634 |    138 |    161 |   1996 |   4 |  693.0 |
               +--------+--------+--------+--------+--------+-----+--------+

Top non-repeatable levels by time:
     D:3: 949 daAuts
     D:1: 884 daAuts
     D:2: 488 daAuts
     D:4: 449 daAuts
